 Dungeon Crawl Stone Soup version 0.23-a0-108-gf7ee2ed (webtiles) character file.

9 Amnesiac the Gusty (level 2, -3/19 HPs)
             Began as a Mummy Air Elementalist on Aug 21, 2018.
             Slain by an orc
             ... wielding a +0 flail
              (8 damage)
             ... on level 3 of the Dungeon.
             The game lasted 00:01:26 (675 turns).

Amnesiac the Gusty (Mummy Air Elementalist)          Turns: 675, Time: 00:01:27

Health: -3/19      AC:  2    Str: 11    XL:     2   Next: 6%
Magic:  0/5        EV: 12    Int: 14    God:
Gold:   49         SH:  0    Dex: 12    Spells: 5/6 levels left

rFire    x . .     SeeInvis .   (no weapon)
rCold    + . .     Gourm    .   (no shield)
rNeg     + + +     Faith    .   a - +0 robe
rPois    ∞         Spirit   .   (no helmet)
rElec    .         Reflect  .   (no cloak)
rCorr    .         Harm     .   (no gloves)
MR       .....                  (no boots)
Stlth    ++........             (no amulet)
HPRegen  0.06/turn              (no ring)
MPRegen  0.09/turn              (no ring)

@: no status effects
A: no food or potions, fire vulnerability, cold resistance 1, negative energy
resistance 3, torment resistance, unbreathing
a: no special abilities


You were on level 3 of the Dungeon.
You were not hungry.

You visited 1 branch of the dungeon, and saw 3 of its levels.

You collected 49 gold pieces.

Inventory:

Armour
 a - a +0 robe (worn)
Scrolls
 b - 2 scrolls of teleportation {!r, unknown}
 c - a scroll of identify {!r, unknown}
 d - a scroll of remove curse {!r, unknown}


   Skills:
 - Level 1.5 Dodging
 - Level 1.5 Stealth
 + Level 2.8 Spellcasting
 - Level 0.7 Conjurations
 * Level 2.9 Air Magic


You had 5 spell levels left.
You knew the following spells:

 Your Spells              Type           Power        Failure   Level  Hunger
a - Shock                 Conj/Air       #...         11%         1    N/A

Your spell library contained the following spells:

 Spells                   Type           Power        Failure   Level  Hunger
 Swiftness                Chrm/Air       #.......     19%         2    N/A
 Static Discharge         Conj/Air       #.......     30%         3    N/A
 Airstrike                Air            ##........   54%         4    N/A
 Lightning Bolt           Conj/Air       #.........   96%         5    N/A

Dungeon Overview and Level Annotations

Branches:
Dungeon (3/15)

Altars:
Hepliaklqana


Innate Abilities, Weirdness & Mutations

You do not eat or drink.
Your flesh is vulnerable to fire.
You are immune to poison.
Your flesh is cold resistant. (rC+)
You are immune to negative energy. (rN+++)
You are immune to unholy pain and torment.
You can survive without breathing.


Message History

Press: ? - help, Shift-Dir - straight line, f/p - orc
Aim: an orc, wielding a flail and wearing a scale mail (lightly wounded)
You miscast Shock.
You are very lightly contaminated with residual magic.
There is a short, sharp shower of sparks.
The leopard gecko misses you.
Casting: Shock (safe; 11% risk of failure)
Confirm with . or Enter, or press ? or * to list all spells.
Aiming: Shock (safe; 11% risk of failure)
Press: ? - help, Shift-Dir - straight line, f/p - orc
Aim: an orc, wielding a flail and wearing a scale mail (lightly wounded)
The zap misses the leopard gecko.
The zap hits the orc.
The orc is heavily wounded.
The leopard gecko misses you.
Casting: Shock (safe; 11% risk of failure)
Confirm with . or Enter, or press ? or * to list all spells.
You don't have enough magic to cast that spell.
Casting: Shock (safe; 11% risk of failure)
Confirm with . or Enter, or press ? or * to list all spells.
You don't have enough magic to cast that spell.
The leopard gecko closely misses you. The dart slug launches a dart at you.
The slug dart hits you! The leopard gecko bites you.
The orc shouts!
You hear a shout!
A kobold comes into view. It is wielding a club.
The kobold shouts!
The leopard gecko bites you.
* * * LOW HITPOINT WARNING * * *
The leopard gecko bites you.
* * * LOW HITPOINT WARNING * * *
Casting: Shock (safe; 11% risk of failure)
Confirm with . or Enter, or press ? or * to list all spells.
Aiming: Shock (safe; 11% risk of failure)
Press: ? - help, Shift-Dir - straight line, p - orc The zap hits the leopard gecko.
The leopard gecko is almost dead.
The zap misses the leopard gecko.
The leopard gecko barely misses you.
Your magical contamination has completely faded away.
Casting: Shock (safe; 11% risk of failure)
Confirm with . or Enter, or press ? or * to list all spells.
Aiming: Shock (safe; 11% risk of failure)
Press: ? - help, Shift-Dir - straight line, f - leopard gecko
Aim: a leopard gecko (almost dead, clinging)
The zap hits the leopard gecko.
You kill the leopard gecko!
You have reached level 2!
The zap misses the orc.
The zap hits the orc.
The orc is heavily wounded.
An orc comes into view.
The orc shouts!
You hear a shout!
Casting: Shock (safe; 11% risk of failure)
Confirm with . or Enter, or press ? or * to list all spells.
Aiming: Shock (safe; 11% risk of failure)
Press: ? - help, Shift-Dir - straight line, f - orc
Aim: an orc, wielding a flail and wearing a scale mail (heavily wounded)
The zap hits the orc.
The orc appears unharmed.
The orc is heavily wounded.
The zap hits the orc.
The orc appears unharmed.
The zap hits the orc.
The orc is lightly wounded.
The zap hits the orc.
The orc appears unharmed.
The orc is heavily wounded.
The orc hits you with a flail!
You die...

#.##########...#
#.#............#
##.#.....####...#
#............####
#..#.....###.#
#..#....<###.#
##............#
#......#####..#
#.@###.# #...#
#.o# #.# #......
#.o###.# #...####
#K.....#####..##
#o###........).
#.# #K#########
#.# #o# #.# #.#
#.###.#


You could see 3 orcs and a kobold.

Vanquished Creatures
  A leopard gecko (D:3)
  3 bats
  A goblin (D:3)
  A hobgoblin (D:1)
  A kobold (D:1)
  A rat (D:1)
8 creatures vanquished.

Notes
Turn   | Place    | Note
-------+----------+-------------------------------------------
     0 | D:1      | Amnesiac the Mummy Air Elementalist began the quest for the Orb.
     0 | D:1      | Reached XP level 1. HP: 13/13 MP: 4/4
    40 | D:1      | Noticed a wyvern
    40 | D:1      | Noticed a hog
    40 | D:1      | Noticed a lindwurm
    40 | D:1      | Noticed a redback
   612 | D:3      | Found a hazy altar of Hepliaklqana.
   665 | D:3      | Reached XP level 2. HP: 5/19 MP: 0/5
   675 | D:3      | Slain by an orc

Vault maps used:
D:1:      onia_arrival_zoo_common, minmay_hedge_maze, minmay_misc_feat_alley
D:3:      nicolae_overflow_hidden_temple, nicolae_overflow_crystal_walls,
          minmay_splitting_lines, corner_web_ring, minmay_box_of_dots

Action                   || total
-------------------------++-------
Melee: Unarmed           ||    12
 Cast: Shock             ||    26
Armor: Robe              ||    21
Dodge: Dodged            ||    42

Table legend:
 A = Non-vault XP
 B = Vault XP
 C = Vault XP percentage of total XP
 D = Non-vault monster count
 E = Vault monster count
 F = Vault count percentage of total count
                 A         B        C        D         E       F
            +---------+---------+-------+---------+---------+-------
      Total |      14 |       0 |   0.0 |       8 |       0 |   0.0
            +---------+---------+-------+---------+---------+-------
        D:1 |       8 |       0 |   0.0 |       5 |       0 |   0.0
        D:2 |       1 |       0 |   0.0 |       1 |       0 |   0.0
        D:3 |       5 |       0 |   0.0 |       2 |       0 |   0.0
            +---------+---------+-------+---------+---------+-------
